 Dungeon Sprint DCSS version 0.17-a0-1914-gde4187c (webtiles) character file.

0 kosy22 the Ruffian (level 3, -2/39 HPs)
             Began as a Troll Berserker on Sept 26, 2015.
             Was a Follower of Trog.
             Slain by a gnoll sergeant
             ... wielding a +3 spear of distortion
              (16 damage)
             ... in the Dungeon (Sprint VI: "Thunderdome").
             The game lasted 00:00:34 (83 turns).

kosy22 the Ruffian (Troll Berserker)                  Turns: 83, Time: 00:00:34

Health: -2/39      AC:  5    Str: 26    XL:     3   Next: 1%
Magic:  2/2        EV: 10    Int:  3    God:    Trog [*.....]
Gold:   0          SH:  0    Dex:  9    Spells: 0 memorised, 2 levels left

rFire  . . .     SeeInvis .       - Unarmed
rCold  . . .     Clarity  .     a - +0 animal skin
rNeg   . . .     SustAt   .     (no shield)
rPois  .         Gourm    +     (helmet restricted)
rElec  .         Spirit   .     (no cloak)
rCorr  .         Warding  .     (gloves unavailable)
rMut   .         NoTele   +     (boots unavailable)
MR     .....                    (no amulet)
Stlth  +.........               (no ring)
                                (no ring)

@: not resistant to hostile enchantments, very unstealthy
A: unfitting armour, claws 3, fast metabolism 3, gourmand, regeneration 2,
shaggy fur 1, tough skin 2
a: Burn Spellbooks, Berserk, Renounce Religion


You were in the Dungeon.
You worshipped Trog.
Trog was aware of your devotion.
You were not hungry.

You visited 1 branch

Inventory:

Armour
 a - a +0 animal skin (worn)
Scrolls
 h - a scroll of blinking
Potions
 c - a potion of curing
 d - a potion of heal wounds
 e - a potion of haste
 f - 2 potions of magic
 g - a potion of berserk rage
Comestibles
 b - 2 bread rations


   Skills:
 + Level 3.7 Fighting
 + Level 3.7 Dodging
 + Level 4.6 Unarmed Combat


You had 2 spell levels left.
You didn't know any spells.

Dungeon Overview and Level Annotations

Branches:
Dungeon (1/1)

Altars:
Cheibriados
Dithmenos
Fedhas
Gozag
Kikubaaqudgha
Makhleb
Okawaru
Qazlal
Ru
Sif Muna
Trog
Vehumet
Xom
Yredelemnul
Zin
The Shining One
Jiyva
Lugonu

Shops:
D *[%??*?*:[((!!!!


Innate Abilities, Weirdness & Mutations

You are too large for most types of armour.
You have claws for hands.
Your metabolism is lightning-fast.
You like to eat raw meat.
You heal very quickly.
You are covered in fur (AC +1).
You have very tough skin (AC +2).


Message History

The gnoll sergeant closely misses you.
Found Qohoas's Identification Station.
Found a glowing golden altar of the Shining One.
The gnoll sergeant hits you with a spear of distortion.
You feel a strange sense of stasis.
You barely miss the gnoll sergeant.
The gnoll sergeant completely misses you.
You claw the gnoll sergeant!
The gnoll sergeant is moderately wounded.
The gnoll sergeant hits you with a spear of distortion.
Space bends around you. The gnoll sergeant blocks your attack.
The gnoll sergeant is moderately wounded.
The gnoll sergeant hits you but does no damage.
Space bends around you.
You barely miss the gnoll sergeant.
The gnoll sergeant is moderately wounded.
The gnoll sergeant hits you with a spear of distortion!
Space warps horribly around you!
You die...

#∩.......∩# #_......._#
#........_# #_......._#
###.........###
#⌠...........⌠#
######.8.........8.###
##∩_._......###......__
#∩...g@...8.# #.8......
.............###........
..........###...###.....
..........# #.<.# #.....
..........###...###.....
.............###........
##∩........8.# #.8......
##∩_._......###......_.
#.8.........8.###


You could see a gnoll sergeant.

Vanquished Creatures
  A gnoll shaman (D)
1 creature vanquished.

Notes
Turn   | Place    | Note
--------------------------------------------------------------
     0 | D        | kosy22 the Troll Berserker began the quest for the Orb.
     0 | D        | Reached XP level 1. HP: 22/22 MP: 0/0
     1 | D        | Found a shimmering altar of Xom.
     1 | D        | Found a sacrificial altar of Ru.
     3 | D        | Found a deep blue altar of Sif Muna.
     4 | D        | Found a basalt altar of Yredelemnul.
     4 | D        | Found a shadowy altar of Dithmenos.
     4 | D        | Found Hepeesos's Weapon Rack.
     4 | D        | Found Zeilatov's Premium Goods.
     5 | D        | Found Ablorch's Basic Armour.
     5 | D        | Found Ylum's Miscellaneous Merchandise.
     5 | D        | Round 1.
     7 | D        | Noticed a gnoll shaman
    14 | D        | Killed a gnoll shaman
    14 | D        | Reached skill level 4 in Unarmed Combat
    14 | D        | Reached XP level 2. HP: 29/32 MP: 1/1
    14 | D        | Reached XP level 3. HP: 35/39 MP: 2/2
    20 | D        | Found a radiant altar of Vehumet.
    40 | D        | Found a blossoming altar of Fedhas.
    41 | D        | Found Plog's Do-It-Yourself Clinic.
    42 | D        | Found an iron altar of Okawaru.
    42 | D        | Found an ancient bone altar of Kikubaaqudgha.
    42 | D        | Found an opulent altar of Gozag.
    42 | D        | Found Paemmi's Distillery.
    43 | D        | Found Jitsur Lagg's Bottled Wisdom.
    43 | D        | Found Odghoakk's Distillery.
    50 | D        | Found a glowing silver altar of Zin.
    52 | D        | Found a bloodstained altar of Trog.
    54 | D        | Found a viscous altar of Jiyva.
    56 | D        | Found Cirpho's Staff Store.
    58 | D        | Found Haekkues's Must-Have Magic.
    58 | D        | Found Ivow's Magic Scroll Shop.
    59 | D        | Found a corrupted altar of Lugonu.
    59 | D        | Found a snail-covered altar of Cheibriados.
    59 | D        | Found Wiate's Magic Scroll Shop.
    67 | D        | Found a stormy altar of Qazlal.
    73 | D        | Noticed a gnoll sergeant
    76 | D        | Found a burning altar of Makhleb.
    76 | D        | Found Peckem's Bee Food.
    76 | D        | Found Adish's Jewellery.
    77 | D        | Found Dan Oseff's Advanced Armour.
    78 | D        | Found a glowing golden altar of the Shining One.
    78 | D        | Found Qohoas's Identification Station.
    83 | D        | Slain by a gnoll sergeant

Vault maps used:
D:        arena_sprint

Action                   || total
-------------------------++-------
Melee: Unarmed           ||     7
